Map: Lost and Found LE

Players

Avoš - Winner!

  • Race: Protoss Protoss
  • Spawn Location: 7:00

VOD

Have the link to the VOD?

Description

Time

  • Played on: July 28, 2018, 10:49 a.m.
  • Length: 25:53
Show
View Real Time Build Order
Export as new Build Order

Avoš Protoss - Winner!

Build Orders:  

Get SALT Encoding   

  12  0:04  Probe (Chrono Boost)  
  14  0:21  Probe (Chrono Boost)  
  14  0:26  Pylon  
  14  0:38  Probe (Chrono Boost)  
  15  0:55  Probe (Chrono Boost), Gateway  
  17  1:10  Assimilator  
  17  1:12  Probe (Chrono Boost)  
  17  1:21  Assimilator  
  17  1:29  Probe (Chrono Boost)  
  18  1:46  Probe (Chrono Boost)  
  19  2:03  Probe (Chrono Boost)  
  19  2:06  Gateway  
  20  2:19  Cybernetics Core  
  21  2:20  Probe (Chrono Boost)  
  21  2:30  Pylon  
  21  2:33  Probe (Chrono Boost)  
  22  2:44  Probe (Chrono Boost)  
  23  3:14  Stalker  
  25  3:22  Sentry  
  28  3:30  Probe (Chrono Boost)  
  28  3:56  Sentry  
  28  3:57  Probe (Chrono Boost)  
  31  4:13  Pylon  
  31  4:37  Warp Gate  
  31  4:38  Stalker x2  
  36  4:41  Probe (Chrono Boost)  
  36  4:58  Probe (Chrono Boost)  
  37  5:10  Nexus  
  37  5:20  Stalker  
  39  5:36  Pylon  
  39  5:47  Twilight Council  
  39  6:01  Stalker  
  39  6:03  Probe (Chrono Boost)  
  42  6:13  Shield Battery  
  43  6:20  Probe (Chrono Boost)  
  43  6:37  Probe (Chrono Boost)  
  43  6:38  Forge  
  44  6:40  Robotics Facility  
  44  6:54  Probe (Chrono Boost)  
  44  6:57  Pylon  
  44  6:58  Probe (Chrono Boost)  
  47  7:11  Probe (Chrono Boost)  
  47  7:15  Probe (Chrono Boost)  
  48  7:35  Stalker  
  48  7:36  Stalker  
  52  7:50  Protoss Ground Weapons Level 1  
  52  8:04  Probe x2 (Chrono Boost)  
  52  8:06  Assimilator  
  52  8:09  Assimilator  
  54  8:19  Pylon  
  56  8:21  Probe x2 (Chrono Boost)  
  56  8:42  Robotics Bay  
  56  8:43  Probe x2 (Chrono Boost)  
  58  8:50  Stalker x2  
  64  9:00  Probe x2 (Chrono Boost)  
  64  9:17  Probe x2 (Chrono Boost)  
  66  9:24  Stalker  
  68  9:48  Disruptor  
  71  10:13  Gateway  
  71  10:16  Probe x2 (Chrono Boost), Gateway  
  73  10:33  Probe x2 (Chrono Boost)  
  73  10:37  Robotics Facility  
  75  10:46  Disruptor  
  77  10:50  Probe x2 (Chrono Boost)  
  71  11:17  Pylon  
  69  12:01  Probe x2 (Chrono Boost), Nexus  
  69  12:03  Pylon  
  69  12:08  Pylon  
  69  12:10  Assimilator  
  69  12:17  Assimilator  
  69  12:18  Probe x2 (Chrono Boost)  
  71  12:35  Protoss Ground Weapons Level 2  
  71  12:40  Disruptor x2  
  77  13:20  Disruptor x2  
  83  13:55  Probe x2 (Chrono Boost)  
  86  14:01  Probe (Chrono Boost)  
  88  14:10  Disruptor x2  
  88  14:12  Probe x2 (Chrono Boost)  
  88  14:17  Gateway  
  88  14:18  Probe (Chrono Boost)  
  88  14:19  Gateway  
  89  14:21  Gateway  
  95  14:39  Nexus  
  95  14:41  Pylon  
  95  14:45  Probe x3 (Chrono Boost), Pylon  
  95  14:47  Assimilator  
  98  14:55  Assimilator  
  100  15:02  Probe x3 (Chrono Boost)  
  100  15:09  Sentry  
  103  15:11  Sentry  
  103  15:18  Probe (Chrono Boost)  
  103  15:19  Probe x2 (Chrono Boost)  
  108  15:27  Stalker x2  
  112  15:44  Protoss Ground Weapons Level 3  
  112  15:47  Stalker  
  112  15:48  Stalker x4  
  122  15:58  Disruptor  
  122  15:59  Disruptor  
  119  16:59  Zealot x5  
  129  17:00  Zealot x2  
  133  17:39  Gateway  
  133  17:41  Gateway  
  133  17:42  Gateway  
  133  17:44  Gateway  
  133  17:48  Gateway  
  133  17:50  Gateway  
  133  17:53  Gateway  
  133  17:54  Gateway  
  133  17:57  Probe x2 (Chrono Boost)  
  133  17:58  Probe (Chrono Boost)  
  136  18:05  Probe (Chrono Boost)  
  137  18:14  Probe x3 (Chrono Boost)  
  140  18:22  Probe (Chrono Boost)  
  141  18:33  Immortal  
  145  18:46  Pylon  
  145  18:50  Pylon  
  145  18:55  Pylon  
  145  19:00  Pylon  
  145  19:11  Immortal  
  145  19:19  Zealot x3  
  155  19:20  Zealot x5  
  155  19:21  Zealot x3  
  155  19:24  Protoss Ground Armor Level 1  
  155  19:28  Immortal  
  175  19:30  Zealot x2  
  179  20:18  Immortal  
  175  20:24  Pylon  
  175  20:28  Pylon  
  165  20:31  Pylon  
  165  20:34  Pylon  
  104  21:18  Zealot x3  
  104  21:19  Zealot x4  
  118  21:20  Zealot x4  
  118  21:21  Zealot x4  
  134  21:50  Stalker x2  
  134  21:51  Stalker x2  
  134  21:52  Stalker x5  
  134  21:53  Stalker x3  
  134  21:55  Stalker x2  
  134  21:56  Stalker  
  140  24:09  Zealot x3  
  146  24:10  Zealot x5  
  146  24:11  Zealot x3  
  146  24:12  Zealot x4  
Tags
 
Add a new tag
Caveats
  • Supply blocks, unpowered buildings, or Contaminate may cause inaccurate times.
  • Supply counts are checked every 10 seconds.